 Dungeon Crawl Stone Soup version 0.31-a0-358-gac0dbeb3ab (webtiles) character file.

Game seed: 2859326868763587950

45 randomguy2701 the Chopper (level 3, -2/33 HPs)
             Began as a Hill Orc Monk on July 25, 2023.
             Slain by Robin
             ... wielding a +1 spear of venom
              (5 damage)
             ... on level 2 of the Dungeon.
             The game lasted 00:02:11 (1367 turns).

randomguy2701 the Chopper (Hill Orc Monk)           Turns: 1367, Time: 00:02:12

Health: -2/33      AC:  2    Str: 14 (15) XL:     3   Next: 64%
Magic:  3/3        EV: 12    Int:  8 (10) God:
Gold:   59         SH:  0    Dex: 10 (13) Spells: 2/2 levels left

rFire   . . .        a - +0 hand axe
rCold   . . .        d - orb {light}
rNeg    . . .        b - +0 robe
rPois   .            (no helmet)
rElec   .            (no cloak)
rCorr   .            (no gloves)
SInv    .            (no boots)
Will    .....        (no amulet)
Stlth   +            (no ring)
HPRegen 0.25/turn    (no ring)
MPRegen 0.08/turn

%: no passive effects
@: lethally poisoned (-2 -> -17), glowing
A: no striking features
a: no special abilities


You were on level 2 of the Dungeon.
You visited 1 branch of the dungeon, and saw 3 of its levels.

You collected 59 gold pieces.

Inventory:

Hand Weapons
 a - a +0 hand axe (weapon)
Armour
 b - a +0 robe (worn)
 d - an orb of light (worn)
Jewellery
 j - a ring of magical power
Scrolls
 f - a scroll of silence {unknown}
 g - a scroll of revelation {unknown}
 h - 2 scrolls of vulnerability {unknown}
 k - a scroll of enchant weapon {unknown}


   Skills:
 + Level 4.1 Fighting
 + Level 5.0 Axes
 + Level 2.8 Dodging


You had 2 spell levels left.
You didn't know any spells.
Your spell library was empty.

Dungeon Overview and Level Annotations

Branches:
Dungeon (3/15)

Altars:

Annotations:
D:2 Robin


Message History

Sorry, you're not good enough to have a special ability.
Sorry, you're not good enough to have a special ability.
It was a potion of degeneration.
There was something very wrong with that liquid.
You feel weakened.
You feel dopey.
You feel clumsy.
* * * LOW HITPOINT WARNING * * *
You feel very sick.
Unknown command.
It was a potion of heal wounds.
You feel much better.
You feel sick.
You feel sick.
You climb upwards.
Level annotation: Robin You feel sick.
There is a stone staircase leading down, spattered with blood here.
You feel sick. Robin completely misses you.
You completely miss Robin.
You feel sick.
Robin hits you with a +1 spear of venom.
You hit Robin.
Robin is lightly wounded.
You feel sick.
Robin hits you with a +1 spear of venom.
You are more poisoned.
You hit Robin.
Robin is moderately wounded.
You feel very sick.
Robin's bangles clink loudly.
Robin closely misses you.
You are too injured to fight recklessly!
You hit Robin but do no damage.
Robin is moderately wounded.
You feel very sick.
Robin hits you with a +1 spear of venom.
* * * LOW HITPOINT WARNING * * *
You are more poisoned.
You hit Robin but do no damage.
Robin is moderately wounded.
* * * LOW HITPOINT WARNING * * *
You feel very sick.
Robin hits you with a +1 spear of venom.
You die...

... ### #.# ..#
#.###### #
####......# #.#
#........ >.###
#####.#..#.## #
.....
........)...#.##
#....
.....#)>@#......
....
......)))g....# .#
# #####.........#
.# #.#.......#
.####
####.#.##.##.#
....#
#...........?# ##
###.##
#.##.##.#.##.....
#..... #.##.##.#.#
.... ..#
##.......†.##.....


You could see Robin.

Vanquished Creatures
  An adder (D:2)
  A ball python (D:1)
  3 bats (D:1)
  4 endoplasms
  2 giant cockroaches (D:1)
  11 goblins
  A hobgoblin (D:3)
  2 jackals (D:1)
  3 frilled lizards
  2 kobolds (D:1)
  3 rats (D:1)
33 creatures vanquished.

Vanquished Creatures (others)
  A goblin (D:2)
1 creature vanquished.

Grand Total: 34 creatures vanquished

Notes
Turn   | Place    | Note
-------+----------+-------------------------------------------
     0 | D:1      | randomguy2701 the Hill Orc Monk began the quest for the
                  | Orb.
     0 | D:1      | Reached XP level 1. HP: 19/19 MP: 1/1
    71 | D:1      | You fall into a shaft and drop 1 floor!
    95 | D:2      | Reached XP level 2. HP: 24/27 MP: 2/2
   608 | D:1      | Reached XP level 3. HP: 33/33 MP: 3/3
  1015 | D:2      | Noticed Robin
  1354 | D:2      | Reached skill level 5 in Axes
  1358 | D:3      | HP: 1/33 [poisoned by Robin]
  1367 | D:2      | Slain by Robin

Illustrated notes

Levels and vault maps discovered:
D:1:      mushboom_english_gardens, layout_loops_corners
D:2:      layout_loops_cross, uniq_robin
D:3:      layout_basic, serial_shops, shop, shop, shop, nicolae_shop_trees,
          shapermc_ecumenical_altar_notcrosses, st_stairs_1,
          nicolae_elevator_lobby_plus, uniq_pargi

Skill      XL: |  1  2  3 |
---------------+----------+-----
Fighting       | 4 |  4.1
Axes           | 5 |  5.0
Dodging        | |  2.8

Action                     || total
---------------------------++-------
  Melee: Hand axe          ||    80
    Use: Potion            ||     3
 Armour: Robe              ||    15
  Dodge: Dodged            ||    65

Table legend: (Time is in decaauts)
 A = Elapsed time spent in this place.
 B = Non-inter-level travel time spent in this place.
 C = Inter-level travel time spent in this place.
 D = Time resting spent in this place.
 E = Time spent auto-exploring this place.
 F = Levels seen in this place.
 G = Mean time per level.
                   A        B        C        D        E       F      G
               +--------+--------+--------+--------+--------+-----+--------+
         Total |   1376 |   1359 |     17 |    281 |    888 |   3 |  458.7 |
       Dungeon |   1376 |   1359 |     17 |    281 |    888 |   3 |  458.7 |
               +--------+--------+--------+--------+--------+-----+--------+

Top non-repeatable levels by time:
     D:1: 962 daAuts
     D:3: 310 daAuts
     D:2: 104 daAuts
